Map: Abyssal Reef LE

Players

Pelden

  • Race: Zerg Zerg
  • Spawn Location: 11:00

Loken - Winner!

  • Race: Protoss Protoss
  • League: Platinum
  • Spawn Location: 5:00

VOD

Have the link to the VOD?

Description

Time

  • Played on: April 7, 2017, 1:45 p.m.
  • Length: 9:36
Show
View Real Time Build Order
Export as new Build Order

Pelden Zerg 

Build Orders: Hatch First 

Get SALT Encoding   

  12  0:01  Drone  
  13  0:08  Drone  
  14  0:15  Extractor  
  14  0:16  Drone  
  15  0:23  Overlord  
  15  0:47  Hatchery  
  15  0:49  Drone  
  15  0:51  Drone  
  15  0:56  Drone  
  17  1:12  Spawning Pool  
  17  1:14  Drone  
  17  1:18  Extractor  
  17  1:20  Drone  
  17  1:31  Drone  
  17  1:32  Overlord  
  18  1:51  Drone  
  19  1:54  Drone  
  19  2:00  Queen  
  22  2:03  Queen  
  22  2:05  Drone  
  25  2:10  Drone  
  25  2:14  Drone, Extractor  
  26  2:27  Zergling x2  
  26  2:28  Zergling x2  
  28  2:31  Metabolic Boost  
  28  2:34  Drone  
  28  2:35  Drone  
  30  2:41  Drone  
  30  2:42  Drone  
  32  2:49  Spine Crawler, Drone  
  32  2:56  Zergling x2  
  33  3:01  Drone  
  34  3:12  Zergling x2  
  35  3:16  Zergling x2  
  35  3:18  Overlord x3  
  36  3:25  Evolution Chamber  
  36  3:26  Drone  
  36  3:32  Spine Crawler, Drone  
  36  3:37  Spore Crawler  
  35  3:46  Zergling x6  
  35  3:47  Zergling x6  
  41  3:53  Drone  
  42  4:02  Drone  
  43  4:06  Zergling x2  
  43  4:07  Zergling x4  
  46  4:15  Drone x2  
  46  4:16  Drone x2  
  50  4:23  Queen  
  37  4:43  Zergling x16  
  41  4:46  Zerg Melee Weapons Level 1  
  41  4:50  Drone  
  42  4:57  Drone  
  42  5:00  Queen  
  44  5:13  Hatchery  
  37  5:35  Drone x3  
  35  5:37  Drone x2  
  37  5:48  Drone x3  
  37  5:49  Roach Warren  
  39  5:50  Drone  
  39  5:54  Extractor  
  39  5:55  Drone  
  40  6:11  Lair  
  40  6:13  Drone  
  40  6:14  Drone x3  
  40  6:15  Drone x3  
  47  6:19  Drone  
  48  6:35  Drone  
  48  6:39  Drone  
  50  6:41  Overlord x3  
  50  6:42  Roach  
  50  6:43  Roach x2  
  56  6:47  Overlord  
  57  7:01  Drone x2  
  57  7:05  Spine Crawler  
  57  7:17  Roach  
  57  7:18  Roach x5  
  57  7:19  Roach x4  
  77  7:23  Zerg Ground Armor Level 1  
  77  7:30  Infestation Pit  
  76  7:39  Drone x3  
  76  7:40  Extractor  
  76  7:41  Roach x5  
  76  7:43  Overlord x3  
  88  7:53  Drone  
  84  8:13  Roach x3  
  84  8:14  Roach x6  
  84  8:15  Queen  
  56  8:49  Roach x3  
  56  8:50  Roach x3  
  48  9:09  Roach x2  
Show
View Real Time Build Order
Export as new Build Order

Loken Protoss - Winner!

Build Orders: Oracle Opening 

Get SALT Encoding   

  12  0:02  Probe (Chrono Boost)  
  13  0:12  Probe (Chrono Boost)  
  14  0:21  Pylon  
  14  0:23  Probe (Chrono Boost)  
  15  0:40  Probe (Chrono Boost)  
  16  0:45  Gateway  
  16  0:50  Probe (Chrono Boost)  
  17  1:00  Gateway  
  17  1:04  Assimilator  
  17  1:05  Probe (Chrono Boost)  
  18  1:16  Probe (Chrono Boost)  
  19  1:22  Assimilator  
  19  1:26  Probe (Chrono Boost)  
  19  1:32  Cybernetics Core  
  20  1:33  Zealot  
  20  1:37  Probe (Chrono Boost)  
  23  2:12  Pylon  
  23  2:16  Stargate  
  23  2:25  Warp Gate  
  23  2:30  Stalker, Probe (Chrono Boost)  
  23  2:33  Stalker  
  28  2:38  Pylon  
  28  2:41  Probe (Chrono Boost)  
  29  3:08  Oracle  
  32  3:15  Stalker  
  32  3:18  Zealot  
  36  3:26  Nexus  
  36  3:32  Pylon  
  36  3:38  Mothership Core (Chrono Boost)  
  38  3:54  Stalker  
  38  3:55  Stalker  
  42  4:02  Probe (Chrono Boost)  
  43  4:12  Probe (Chrono Boost)  
  38  4:51  Probe (Chrono Boost)  
  39  4:56  Stalker x2  
  43  5:01  Probe (Chrono Boost)  
  43  5:02  Void Ray  
  43  5:05  Probe (Chrono Boost)  
  49  5:07  Pylon  
  49  5:12  Probe (Chrono Boost)  
  50  5:15  Probe (Chrono Boost)  
  51  5:21  Zealot  
  51  5:22  Probe (Chrono Boost)  
  52  5:56  Probe (Chrono Boost)  
  53  5:58  Probe (Chrono Boost)  
  53  6:00  Stalker x2  
  53  6:02  Void Ray  
  62  6:14  Pylon  
  62  6:16  Pylon  
  62  6:23  Gateway x2  
  62  6:25  Gateway  
  62  6:27  Gateway  
  64  6:32  Probe x2 (Chrono Boost)  
  64  6:43  Probe x2 (Chrono Boost)  
  64  6:44  Pylon  
  64  6:45  Pylon  
  66  6:49  Pylon  
  66  6:53  Pylon, Probe (Chrono Boost)  
  67  6:59  Void Ray  
  71  7:09  Stalker x2  
  75  7:24  Stalker x2  
  75  7:25  Stalker x2  
  83  7:40  Stalker x2  
  87  7:53  Stalker  
  87  7:54  Stalker x3  
  83  8:54  Stalker x2  
  83  8:55  Stalker x4  
Tags
 
Add a new tag
Caveats
  • Supply blocks, unpowered buildings, or Contaminate may cause inaccurate times.
  • Supply counts are checked every 10 seconds.